 Dungeon Crawl Stone Soup version 0.29.1-12-g30fa7ad0bf (webtiles) character file.

Game seed: 16034437273380720753

1969 nachturnus the Grappler (level 9, -10/78 (93) HPs)
             Began as a Troll Monk on Jan 10, 2023.
             Was a Believer of Dithmenos.
             Mangled by a wight
             ... wielding a +0 battleaxe
              (16 damage)
             ... on level 7 of the Dungeon.
             The game lasted 00:16:56 (4287 turns).

nachturnus the Grappler (Troll Monk)                Turns: 4287, Time: 00:16:58

HP:   -10/78 (93)   AC:  5    Str: 35    XL:     9   Next: 0%
MP:   8/8           EV: 11    Int:  7    God:    Dithmenos [**....]
Gold: 190           SH:  0    Dex: 11    Spells: 8/8 levels left

rFire   . . .      SeeInvis .     - Unarmed
rCold   . . .      Faith    .   (no shield)
rNeg    . . .      Spirit   .   h - +2 robe "Iloffeor" {Int+2}
rPois   .          Reflect  .   (helmet restricted)
rElec   .          Harm     .   x - scarf {shadows}
rCorr   .          Rampage  .   (gloves unavailable)
Will    +....                   (boots unavailable)
Stlth   ++........              (no amulet)
HPRegen 1.03/turn               D - +6 ring of strength
MPRegen 0.11/turn               q - ring of willpower

@: wreathed by umbra, heavily drained
A: large, unfitting armour, claws 3, regeneration 1, shaggy fur 1, tough skin 1,
deformed body, strong 1
a: Renounce Religion, Shadow Step


You were on level 7 of the Dungeon.
You worshipped Dithmenos.
Dithmenos was pleased with you.
You visited 2 branches of the dungeon, and saw 8 of its levels.

You collected 223 gold pieces.
You spent 33 gold pieces at shops.

Inventory:

Hand Weapons
 n - the +6 dagger "Cohicoq" {drain, rC+}
   (You found it on level 5 of the Dungeon)

   A truly terrible weapon, it drains the life of any living foe it strikes.
   rC:        It protects you from cold.
 r - a +0 giant club of electrocution
 u - the +7 dagger of Generosity {protect, Str+8 Int+6 Stlth-}
   (You found it on level 4 of the Dungeon)

   It grants its wielder temporary protection when it strikes (+7 to AC).
   Str:       It affects your strength (+8).
   Int:       It affects your intelligence (+6).
   Stlth:     It makes you less stealthy.
Missiles
 t - 4 javelins (quivered)
Armour
 a - a +1 robe
 h - the +2 robe "Iloffeor" (worn) {Int+2}
   (You found it on level 2 of the Dungeon)

   Int:       It affects your intelligence (+2).
 x - a scarf of shadows (worn)
Jewellery
 p - a ring of poison resistance
 q - a ring of willpower (right claw)
 w - a ring of fire
 D - a +6 ring of strength (left claw)
Wands
 z - a wand of mindburst (7)
Scrolls
 d - 4 scrolls of immolation
 g - 3 scrolls of teleportation
 v - 2 scrolls of blinking
 y - a scroll of poison
Potions
 b - a potion of ambrosia
 c - 2 potions of magic
 e - a potion of might
 f - a potion of attraction {unknown}
 i - 2 potions of curing
 j - 2 potions of lignification
 k - a potion of resistance
 l - a potion of brilliance
 o - 2 potions of invisibility
 A - a potion of berserk rage


   Skills:
 - Level 7.0 Fighting
 + Level 4.6 Dodging
 - Level 1.0 Stealth
 - Level 8.0 Unarmed Combat


You had 8 spell levels left.
You didn't know any spells.
Your spell library contained the following spells:

 Spells                   Type           Power      Damage    Failure   Level
 Summon Small Mammal      Summ           0%         N/A       43%         1
 Ensorcelled Hibernation  Hex/Ice        0%         N/A       56%         2
 Call Canine Familiar     Summ           0%         N/A       80%         3
 Spider Form              Tmut/Pois      0%         N/A       80%         3
 Summon Guardian Golem    Hex/Summ       0%         N/A       80%         3
 Anguish                  Hex/Necr       0%         N/A       99%         4
 Orb of Destruction       Conj           0%         9d5       100%        7
 Spellforged Servitor     Conj/Summ      0%         N/A       100%        7


Dungeon Overview and Level Annotations

Branches:
Dungeon (7/15)             Temple (1/1) D:6

Altars:
Ashenzari
Dithmenos
Elyvilon
Fedhas
Gozag
Hepliaklqana
Kikubaaqudgha
Makhleb
Nemelex Xobeh
Qazlal
Ru
Sif Muna
Trog
Vehumet
Xom
Yredelemnul
Zin
The Shining One

Shops:
D:1 *[   D:4 *   D:7 !!(

Annotations:
D:4 2 transporters, SirLogeyBear's ghost, novice HOBe


Innate Abilities, Weirdness & Mutations

You are too large for most types of armour.
You have claws for hands.
Your natural rate of healing is unusually fast.
You are covered in fur. (AC +1)
You have tough skin. (AC +1)
Armour fits poorly on your strangely shaped body.
Your muscles are strong. (Str +4, Int/Dex -1)


Message History

A wight comes into view. It is wielding a +3 scimitar.
A wight comes into view. It is wielding a +0 battleaxe.
The wight hits you from afar with a +5 halberd.
A wight comes into view. It is wielding a +2 hand axe.
The wight hits you with a +5 halberd!
You feel drained. The wight hits you with a +3 scimitar.
You feel drained.
You claw the wight! You claw the wight.
The wight is severely damaged.
The wight hits you with a +5 halberd!
You feel drained. The wight hits you with a +3 scimitar.
You feel drained.
You mangle the wight!!
You destroy the wight!
Dithmenos accepts your kill. The wight hits you with a +5 halberd!
You feel drained.
You have reached level 9!
Your experience leads to an increase in your attributes!
Your base attributes are Str 22, Int 6, Dex 12.
Increase (S)trength, (I)ntelligence, or (D)exterity?
You feel stronger. x3
You barely miss the wight.
A wight comes into view. It is wielding a +0 morningstar.
The wight hits you with a +5 halberd!
* * * LOW HITPOINT WARNING * * *
You feel drained.
* * * LOW HITPOINT WARNING * * *
You barely miss the wight. The wight hits you with a +5 halberd.
* * * LOW HITPOINT WARNING * * *
You feel drained.
* * * LOW HITPOINT WARNING * * *
The wight hits you with a +0 battleaxe.
* * * LOW HITPOINT WARNING * * *
You feel drained.
You mangle the wight!!
You destroy the wight!
Dithmenos accepts your kill.
A wight comes into view. It is wielding a +0 spear.
The wight hits you with a +2 hand axe!
* * * LOW HITPOINT WARNING * * *
The wight hits you with a +0 battleaxe!
You die...

##. .... #... #..# .
....##..# ##.# .
#!......####..#
.........##.##.### .#
#. ##...........###..
.##.#.............#..#
.....zz...............#
#...)@.....<.....# ..
#..z###...........##...
#.. #z......#....#...
#....##.###.......
....###.####......
.....#.).......##..
................##..
.......)..#..##..
..........#..# ..


You could see 4 wights.

Vanquished Creatures
  A wyvern (D:7)
  A water moccasin (D:6)
  A sky beast (D:5)
  2 black bears
  3 ogres
  A phantom (D:4)
  2 bullfrogs
  A necrophage (D:5)
  3 scorpions
  2 wights (D:7)
  4 howler monkeys (D:6)
  5 hounds
  A jelly (D:5)
  A gnoll bouda (D:7)
  Jessica (D:3)
  5 iguanas
  An orc wizard (D:5)
  6 adders
  4 gnolls (D:7)
  An ufetubus (D:6)
  5 worms
  A dart slug (D:3)
  11 orcs
  2 endoplasms
  4 giant cockroaches
  6 goblins
  7 hobgoblins
  3 jackals (D:2)
  3 quokkas
  8 ball pythons
  2 bats (D:1)
  4 frilled lizards
  5 kobolds
  6 rats
113 creatures vanquished.

Vanquished Creatures (others)
  8 plants (D:5)
8 creatures vanquished.

Grand Total: 121 creatures vanquished

Notes
Turn   | Place    | Note
-------+----------+-------------------------------------------
     0 | D:1      | nachturnus the Troll Monk began the quest for the Orb.
     0 | D:1      | Reached XP level 1. HP: 22/22 MP: 0/0
   122 | D:1      | Reached XP level 2. HP: 29/29 MP: 1/1
   186 | D:1      | Found Bughub's Armour Emporium.
   202 | D:1      | Found Qebiejam's Assorted Antiques.
   352 | D:1      | Reached skill level 4 in Unarmed Combat
   486 | D:2      | Reached XP level 3. HP: 28/36 MP: 2/2
   506 | D:2      | Found a radiant altar of Vehumet.
   588 | D:2      | Found a faded altar of an unknown god.
   603 | D:2      | Identified the +2 robe "Iloffeor" {Int+2}
  1120 | D:3      | Noticed Jessica
  1125 | D:3      | Killed Jessica
  1126 | D:3      | Reached skill level 5 in Unarmed Combat
  1126 | D:3      | Reached XP level 4. HP: 44/44 MP: 3/3
  1526 | D:3      | Found a glowing golden altar of the Shining One.
  1530 | D:3      | Found a white marble altar of Elyvilon.
  1530 | D:3      | Found a glowing silver altar of Zin.
  1741 | D:4      | Reached XP level 5. HP: 19/50 MP: 4/4
  1791 | D:4      | Noticed a phantom
  1832 | D:4      | Found a transporter.
  1836 | D:4      | Noticed SirLogeyBear's ghost (novice HOBe)
  1857 | D:4      | Killed a phantom
  1858 | D:4      | Reached skill level 6 in Unarmed Combat
  1870 | D:4      | Found Ujom's General Store.
  1874 | D:4      | Found Ecaogroi's Specific Store.
  1882 | D:4      | Bought a potion of curing for 33 gold pieces
  1889 | D:4      | Noticed an ogre
  1894 | D:4      | Killed an ogre
  1895 | D:4      | Reached XP level 6. HP: 59/59 MP: 5/5
  2042 | D:4      | Reached skill level 7 in Unarmed Combat
  2148 | D:4      | Found a transporter.
  2201 | D:4      | Identified the +7 dagger of Generosity {protect, Str+8
                  | Int+6 Stlth-}
  2388 | D:5      | Entered Level 5 of the Dungeon
  2469 | D:5      | Reached skill level 8 in Unarmed Combat
  2524 | D:5      | Reached XP level 7. HP: 52/66 MP: 6/6
  2528 | D:5      | Found a hazy altar of Hepliaklqana.
  2663 | D:5      | Identified the +6 dagger "Cohicoq" {drain, rC+}
  2804 | D:5      | Noticed a moth of wrath
  2806 | D:5      | Found a bloodstained altar of Trog.
  3315 | D:6      | Reached skill level 5 in Fighting
  3390 | D:6      | Reached XP level 8. HP: 59/80 MP: 7/7
  3608 | D:6      | Found a staircase to the Ecumenical Temple.
  3627 | Temple   | Entered the Ecumenical Temple
  3640 | Temple   | Became a worshipper of Dithmenos the Shadowed
  3640 | Temple   | Reached * piety under Dithmenos
  3640 | Temple   | Reached ** piety under Dithmenos
  3970 | D:7      | Found Meteos's Weapon Shop.
  4047 | D:7      | Found Taadaokh's Distillery.
  4241 | D:7      | Found Ahui's Distillery.
  4268 | D:6      | Gained mutation: You are clumsy. (Dex -2) [potion of
                  | mutation]
  4268 | D:6      | Gained mutation: You are covered in thick fur. (AC +2)
                  | [potion of mutation]
  4268 | D:6      | Gained mutation: Your spells are a little harder to cast,
                  | but a little more powerful. [potion of mutation]
  4270 | D:6      | Lost mutation: You are clumsy. (Dex -2) [potion of
                  | mutation]
  4270 | D:6      | Lost mutation: You are covered in thick fur. (AC +2)
                  | [potion of mutation]
  4270 | D:6      | Lost mutation: Your spells are a little harder to cast, but
                  | a little more powerful. [potion of mutation]
  4270 | D:6      | Gained mutation: Armour fits poorly on your strangely
                  | shaped body. [potion of mutation]
  4270 | D:6      | Gained mutation: Your muscles are strong. (Str +4, Int/Dex
                  | -1) [potion of mutation]
  4285 | D:7      | Reached XP level 9. HP: 31/83 MP: 8/8
  4287 | D:7      | Mangled by a wight

Illustrated notes

Levels and vault maps discovered:
D:1:      wander_arrival_peaceful_grave, layout_rooms, serial_shops, shop, shop
D:2:      layout_basic, hellmonk_ecumenical_altar_zigzags, basic_altar,
          minivault_24
D:3:      layout_basic, dreamdust_divine_triumvirate, roderic_roman_lattice,
          kennysheep_generic_room_13, uniq_jessica
D:4:      layout_basic, gammafunk_ghost_stat_death, nicolae_specific_store,
          minmay_misc_feat_secret_circle
D:5:      layout_loops_cross, nicolae_hepliaklqana_hazy_memory, tgw_trog
D:6:      layout_basic, minmay_temple_entry_ruins
D:7:      layout_cave_pools, mainiacjoe_overflow_alcove_4, serial_column_ruins,
          column_ruins_corridor_straight, column_ruins_grid_4,
          column_ruins_open_tiny, column_ruins_open_small, column_ruins_grid_3,
          serial_shops, kennysheep_mini_moat, shop_fountains,
          nicolae_square_shop, shop, nicolae_shop_overgrown_old_shop, uniq_pikel
Temple:   nicolae_temple_ecumenical_triangle

Skill      XL: |  1  2  3  4  5  6  7  8 |
---------------+-------------------------+-----
Unarmed Combat | 4 5 6 8 |  8.0
Fighting       | 5 7 |  7.0
Dodging        | 4 |  4.6
Stealth        | |  1.0

Action                   |  1- 3 |  4- 6 |  7- 9 || total
-------------------------+-------+-------+-------++-------
Melee: Unarmed           |   113 |   100 |   112 ||   325
       Punch             |     1 |     4 |     9 ||    14
  Use: Scroll            |     4 |     3 |    11 ||    18
       Potion            |       |     1 |     2 ||     3
 Stab: Sleeping          |     2 |     1 |       ||     3
       Distracted        |       |       |     1 ||     1
Armor: Robe              |    35 |    52 |    36 ||   123
       Skin              |       |     1 |       ||     1
Dodge: Dodged            |    56 |    43 |    52 ||   151
